 Dungeon Crawl Stone Soup version bcrawl-1.40.3b (webtiles) character file.

Game seed: 265814397636405537

97261 Amelense the Covered (level 2, 0/19 HPs)
             Began as a Human Wanderer on Feb 5, 2024.
             Slain by a goblin (2 damage)
             ... on level 1 of the Dungeon.
             The game lasted 00:10:13 (336 turns).

Amelense the Covered (Human Wanderer)                Turns: 336, Time: 00:10:14

Health: 0/19       AC:  5    Str: 12    XL:     2   Next: 30%
Magic:  3/3        EV: -4    Int: 11    God:
Gold:   43         SH: 10    Dex: 13    Spells: 0/1 levels left

rFire    . . .     GDR:     28% j - -3 club (curse)
rCold    . . .     SeeInvis .   g - +0 large shield
rNeg     . . .     Gourm    .   c - +0 ring mail
rPois    .         Faith    .   (no helmet)
rElec    .         Spirit   .   (no cloak)
rCorr    .         Reflect  .   (no gloves)
MR       .....                  (no boots)
Stlth    +.........             (no amulet)
HPRegen  0.13/turn              (no ring)
MPRegen  0.08/turn              (no ring)

@: no status effects
A: no striking features
a: no special abilities


You were on level 1 of the Dungeon.
You were hungry.

You visited 1 branch of the dungeon, and saw 1 of its levels.

You collected 43 gold pieces.

Inventory:

Hand Weapons
 a - a +0 spear
 f - a +0 whip
 j - a cursed -3 club (weapon)
Missiles
 d - 482 sling bullets
 k - 154 arrows
Armour
 c - a +0 ring mail (worn)
 g - a +0 large shield (worn)
Scrolls
 i - a scroll of identify
Potions
 b - a potion of lignification {unknown}
 h - a potion of heal wounds {unknown}
Comestibles
 e - a ration {!d}


   Skills:
 + Level 3.9 Armour
 + Level 2.3 Hexes
   Level 3.2 Translocations
   Level 2.4 Evocations


You couldn't memorise any spells.
You knew the following spells:

 Your Spells              Type           Power        Failure   Level  Hunger
a - Slow                  Hex            #.......     100%        1    None

Your spell library contained the following spells:

 Spells                   Type           Power        Failure   Level  Hunger
 Ensorcelled Hibernation  Hex/Ice        #.....       100%        2    ####...
 Confuse                  Hex            #.......     100%        3    #####..
 Dazzling Orbs            Conj/Hex       #......      100%        3    #####..
 Tukima's Dance           Hex            #.......     100%        3    #####..
 Cause Fear               Hex            #.........   100%        4    ######.


Dungeon Overview and Level Annotations

Branches:
Dungeon (1/12)

Altars:


Message History

The goblin hits you.
* * * LOW HITPOINT WARNING * * *
You block the goblin's attack.
You closely miss the goblin. The goblin hits you but does no damage.
Your shield prevents you from hitting the goblin.
The goblin hits you.
* * * LOW HITPOINT WARNING * * *
The goblin hits you but does no damage.
You hit the goblin but do no damage. You block the goblin's attack.
The goblin hits you but does no damage.
You are feeling hungry.
You closely miss the goblin. You block the goblin's attack.
The goblin hits you but does no damage.
You closely miss the goblin. You block the goblin's attack.
Your shield and ring mail prevent you from hitting the goblin.
You block the goblin's attack. The goblin hits you.
* * * LOW HITPOINT WARNING * * *
Your shield prevents you from hitting the goblin.
The goblin hits you.
You die...

......>.......#.......##
.............##...#....## #
........................## .#
..#........##............####
#.#
............................#...
#........................##.#.#
........................###...#
..................##...###...##
#...............@..#####...#..##
...... .........g..###..####..##
.##.. .........#...##.######..#
.# ...[.....#.............. #
.....#.#.#...########### .#
...........#..# .###
...............[ ...#
.....$#########.# # .... ...


You could see a goblin.

Vanquished Creatures
  A leopard gecko (D:1)
  3 bats (D:1)
  3 kobolds (D:1)
  A frilled lizard (D:1)
  A rat (D:1)
9 creatures vanquished.

Notes
Turn   | Place    | Note
-------+----------+-------------------------------------------
     0 | D:1      | Amelense the Human Wanderer began the quest for the Orb.
     0 | D:1      | Amelense set off with the following items: a +0 spear, a +0
                  | ring mail, a ration {!d}; and the following spell
                  | memorised: Slow; and the following spells available to
                  | memorise: Ensorcelled Hibernation, Confuse, Tukima's Dance,
                  | Dazzling Orbs, Cause Fear
     0 | D:1      | Reached XP level 1. HP: 13/13 MP: 2/2
    87 | D:1      | Reached XP level 2. HP: 19/19 MP: 3/3
   336 | D:1      | Slain by a goblin

Action                   || total
-------------------------++-------
Melee: Spear             ||    15
       Club              ||    39
 Cast: Slow              ||     4
Armor: Ring mail         ||    33
Dodge: Dodged            ||    12
Block: Large shield      ||    32
